 Dungeon Crawl Stone Soup version 0.25-a0-68-ge58f8a54b6 (webtiles) character file.

Game seed: 8486866412967080315, levelgen mode: deterministic

4390 iamserjio the Ducker (level 10, -11/68 HPs)
             Began as an Octopode Earth Elementalist on Nov 2, 2019.
             Was a Follower of Nemelex Xobeh.
             Mangled by a two-headed ogre
             ... wielding a +0 giant club
              (31 damage)
             ... on level 8 of the Dungeon.
             The game lasted 00:15:10 (10877 turns).

iamserjio the Ducker (Octopode Earth Elementalist) Turns: 10877, Time: 00:15:10

Health: -11/68     AC:  1    Str: 14    XL:     10   Next: 35%
Magic:  16/16      EV: 17    Int: 24    God:    Nemelex Xobeh [*.....]
Gold:   129        SH:  8    Dex: 13    Spells: 5/18 levels left

rFire    . . .     SeeInvis .   o - +11 mace of Iconoclasm {venom, Int+7}
rCold    . . .     Gourm    .   R - +3 warlock's mirror {reflect}
rNeg     . . .     Faith    .   (helmet restricted)
rPois    +         Spirit   .   (no amulet)
rElec    .         Reflect  +   q - ring of wizardry
rCorr    .         Harm     .   j - +3 ring of strength
MR       .....                  r - ring of poison resistance
Stlth    +++.......             (no ring)
HPRegen  0.21/turn              (no ring)
MPRegen  0.15/turn              (no ring)
                                (no ring)
                                (no ring)

@: no status effects
A: almost no armour, stealthy swim, amphibious, 8 rings, constrict 8, camouflage
1, gelatinous body 1
a: Draw Escape, Draw Destruction, Draw Summoning, Renounce Religion


You were on level 8 of the Dungeon.
You worshipped Nemelex Xobeh.
Nemelex Xobeh was aware of your devotion.
You were very hungry.

You visited 2 branches of the dungeon, and saw 9 of its levels.
You also visited: Ossuary.

You collected 720 gold pieces.
You spent 591 gold pieces at shops.

Inventory:

Hand Weapons
 o - the +11 mace of Iconoclasm (weapon) {venom, Int+7}
   (You found it on level 5 of the Dungeon)

   It poisons the flesh of those it strikes.
   It affects your intelligence (+7).
 u - a +1 morningstar of protection
 L - a +0 morningstar
Missiles
 y - 30 stones (quivered)
 N - a throwing net {!f}
Armour
 Q - a +0 shield
 R - the +3 warlock's mirror (worn) {reflect}
   (You bought it in a shop on level 6 of the Dungeon)
Jewellery
 j - a +3 ring of strength (right tentacle)
 q - a ring of wizardry (left tentacle)
 r - a ring of poison resistance (on tentacle)
Wands
 g - a wand of iceblast (10)
 m - a wand of random effects (28)
 n - a wand of flame (10)
 x - a wand of polymorph (16)
Scrolls
 a - 3 scrolls of teleportation {@r3}
 b - a scroll of summoning
 d - a scroll of fear
 e - 5 scrolls of magic mapping
 k - 3 scrolls of remove curse {@r2}
 p - 2 scrolls of amnesia
 s - a scroll of enchant armour
 t - a scroll of enchant weapon
 E - 2 scrolls of vulnerability
 H - 2 scrolls of fog
 M - 2 scrolls of blinking
Potions
 f - 4 potions of curing {@q1}
 h - a potion of agility {unknown}
 i - 2 potions of resistance
 l - 3 potions of heal wounds
 v - 2 potions of lignification
 w - 2 potions of mutation {unknown}
 z - a potion of ambrosia {unknown}
 A - a potion of might {unknown}
 D - a potion of haste {unknown}
 F - 2 potions of magic {unknown}
 G - a potion of berserk rage {unknown}
 O - 2 potions of flight {unknown}
Comestibles
 c - 10 rations


   Skills:
 + Level 5.8 Fighting
 - Level 4.1 Maces & Flails
 - Level 7.5 Dodging
 - Level 2.6 Stealth
 - Level 4.1 Shields
 + Level 4.5 Spellcasting
 - Level 6.0 Hexes
 - Level 1.0 Transmutations
 - Level 3.0 Earth Magic
 * Level 6.1 Invocations


You had 5 spell levels left.
You knew the following spells:

 Your Spells              Type           Power        Failure   Level  Hunger
a - Sandblast             Erth           ###...       1%          1    None
b - Corona                Hex            ####...      1%          1    None
c - Confuse               Hex            ####....     1%          3    ##.....
d - Tukima's Dance        Hex            ####....     1%          3    ##.....
e - Dazzling Spray        Conj/Hex       ###...       3%          3    ##.....
f - Passwall              Tmut/Erth      ###.....     2%          2    None

Your spell library contained the following spells:

 Spells                   Type           Power        Failure   Level  Hunger
 Ensorcelled Hibernation  Hex/Ice        ###...       1%          2    None
 Stone Arrow              Conj/Erth      ##....       6%          3    ##.....
 Petrify                  Tmut/Erth      ###.....     16%         4    ####...
 Lee's Rapid Deconstruct  Erth           ###.......   28%         5    #####..


Dungeon Overview and Level Annotations

Branches:
Dungeon (8/15)             Temple (1/1) D:5         Ossuary (visited)
   Lair: D:8-11

Altars:
Cheibriados
Dithmenos
Elyvilon
Fedhas
Gozag
Hepliaklqana
Kikubaaqudgha
Makhleb
Nemelex Xobeh
Okawaru
Qazlal
Ru
Sif Muna
Trog
Vehumet
Wu Jian
Xom
Yredelemnul
Zin
The Shining One

Shops:
D:6 *

Annotations:
D:5 1 runed translucent door, Komarov's ghost, amateur HuFi


Innate Abilities, Weirdness & Mutations

You cannot wear most types of armour.
You are very stealthy in the water. (Stealth+)
You are amphibious.
You can wear up to eight rings at the same time.
You can use your tentacles to constrict eight enemies at once.
Your skin changes colour to match your surroundings (Stealth+).
Your rubbery body absorbs attacks. (AC +1, EV +1)


Message History

Aim: a two-headed ogre, wielding two +0 giant clubs (hasn't noticed you)
The mass of ice explodes!
The iceblast engulfs the two-headed ogre!
The two-headed ogre shouts in stereo!
Aiming: Iceblast
Aim: a two-headed ogre, wielding two +0 giant clubs (lightly wounded)
The mass of ice explodes!
The iceblast engulfs the two-headed ogre!
You hit the two-headed ogre.
The two-headed ogre is poisoned.
You squeeze the two-headed ogre! The two-headed ogre misses you. x2
You hit the two-headed ogre.
The two-headed ogre looks as sick as possible!
The two-headed ogre hits you with a +0 giant club!! x2
* * * LOW HITPOINT WARNING * * *
Aiming: Iceblast The mass of ice explodes!
The iceblast engulfs the two-headed ogre.
The two-headed ogre hits you with a +0 giant club!!
You die...
Your body disappears without a glow.

'.......# ......# ....#
#######.(#
#.....)))#######
#.....††#......#######
#.....†.#............#
#.....O.#............#
#.....@.#>...........#
.'.......#............#
.#.......#......).....#
#.......#............#
##..##..#....>.(.....#
#.. #..#......#######
#.. ...#......# #.
...#......# #....(.#


You could see a two-headed ogre.

Vanquished Creatures
  Pikel (D:7)
  A slime creature (D:7)
  Duvessa (D:7)
  2 orc warriors
  A slave (D:7)
  A phantom (D:6)
  2 sky beasts
  An ice beast (D:6)
  A necrophage (D:7)
  An ogre (D:7)
  5 centaurs
  2 bullfrogs (D:8)
  A water moccasin zombie (D:6)
  Dowan (D:7)
  10 scorpions
  5 killer bees (D:7)
  4 wights (D:6)
  4 centaur zombies
  A howler monkey (D:8)
  A centaur skeleton (D:4)
  5 crimson imps
  A jelly (D:5)
  2 hounds (D:7)
  2 human zombies (Ossuary)
  2 orc priests
  A bullfrog skeleton (D:8)
  4 orc wizards
  3 iguanas
  Ijyb (D:4)
  8 worker ants
  2 big kobold zombies (Ossuary)
  A hound skeleton (D:6)
  3 mummies (Ossuary)
  A worker ant zombie (D:5)
  5 gnolls
  3 scorpion zombies (Ossuary)
  12 adders
  3 oozes
  6 worms
  3 dart slugs
  5 leopard geckos
  21 orcs
  2 ball pythons
  5 giant cockroaches
  A gnoll zombie (Ossuary)
  10 goblins
  2 hobgoblins (D:3)
  2 jackals (D:8)
  4 quokkas
  A ball python skeleton (D:5)
  5 bats
  5 frilled lizards
  2 goblin zombies (Ossuary)
  2 hobgoblin zombies (Ossuary)
  3 kobolds
  2 kobold zombies (Ossuary)
  A quokka skeleton (D:5)
  5 rats
192 creatures vanquished.

Vanquished Creatures (others)
  A centaur (D:8)
  5 toadstools (D:3)
6 creatures vanquished.

Grand Total: 198 creatures vanquished

Notes
Turn   | Place    | Note
-------+----------+-------------------------------------------
     0 | D:1      | iamserjio the Octopode Earth Elementalist began the quest
                  | for the Orb.
     0 | D:1      | Reached XP level 1. HP: 11/11 MP: 3/3
   531 | D:1      | Reached skill level 1 in Fighting
   531 | D:1      | Reached XP level 2. HP: 18/18 MP: 0/5
  1370 | D:2      | Reached XP level 3. HP: 23/23 MP: 6/6
  1427 | D:2      | Found a white marble altar of Elyvilon.
  1789 | D:2      | Reached skill level 3 in Dodging
  2141 | D:2      | Reached XP level 4. HP: 25/29 MP: 4/7
  3021 | D:3      | Reached XP level 5. HP: 3/36 MP: 5/8
  3557 | D:3      | Learned a level 1 spell: Corona
  3561 | D:3      | Learned a level 3 spell: Confuse
  3565 | D:3      | Learned a level 3 spell: Tukima's Dance
  3575 | D:3      | Reached skill level 4 in Dodging
  3817 | D:4      | Reached skill level 1 in Hexes
  4204 | D:4      | Reached XP level 6. HP: 40/42 MP: 9/9
  4521 | D:4      | Noticed Ijyb
  4548 | D:4      | Noticed a sky beast
  4549 | D:4      | Killed Ijyb
  4549 | D:4      | Reached skill level 5 in Dodging
  4556 | D:4      | Killed a sky beast
  4556 | D:4      | Reached XP level 7. HP: 24/46 MP: 6/10
  5118 | D:5      | Entered Level 5 of the Dungeon
  5127 | D:5      | Got a pitted mace
  5128 | D:5      | Identified the +11 mace of Iconoclasm {venom, Int+7} (You
                  | found it on level 5 of the Dungeon)
  5137 | D:5      | Found a sand-covered staircase.
  5179 | Ossuary  | Entered an ossuary
  5706 | Ossuary  | Reached skill level 6 in Dodging
  5898 | Ossuary  | Reached XP level 8. HP: 47/52 MP: 11/11
  5901 | Ossuary  | Reached skill level 5 in Hexes
  6350 | D:5      | Reached skill level 7 in Dodging
  6403 | D:5      | Found a staircase to the Ecumenical Temple.
  6588 | Temple   | Entered the Ecumenical Temple
  6653 | Temple   | Became a worshipper of Nemelex Xobeh the Trickster
  6678 | D:5      | Learned a level 3 spell: Dazzling Spray
  6686 | D:5      | Received a gift from Nemelex Xobeh
  7174 | D:5      | Found a runed translucent door.
  7176 | D:5      | Noticed Komarov's ghost (amateur HuFi)
  7463 | D:6      | Reached skill level 1 in Invocations
  7769 | D:6      | Reached * piety under Nemelex Xobeh
  7769 | D:6      | Found Morod's General Store.
  7785 | D:6      | Reached skill level 1 in Maces & Flails
  7790 | D:6      | Reached XP level 9. HP: 33/58 MP: 11/13
  8321 | D:6      | Bought the +3 warlock's mirror {reflect} for 520 gold
                  | pieces
  8321 | D:6      | Found the +3 warlock's mirror {reflect}
  8657 | D:6      | Received a gift from Nemelex Xobeh
  8824 | D:6      | Bought a scroll of fear for 45 gold pieces
  8824 | D:6      | Bought a scroll of identify for 26 gold pieces
  8847 | D:6      | Learned a level 2 spell: Passwall
  8865 | D:7      | Reached skill level 1 in Shields
  8932 | D:7      | Noticed Duvessa
  8932 | D:7      | Noticed Dowan
  8939 | D:7      | Killed Duvessa
  8943 | D:7      | Killed Dowan
  9353 | D:7      | Reached skill level 5 in Fighting
  9818 | D:7      | Reached XP level 10. HP: 66/66 MP: 14/16
 10028 | D:7      | Noticed Pikel
 10041 | D:7      | Killed Pikel
 10041 | D:7      | Reached skill level 5 in Invocations
 10870 | D:8      | Noticed a two-headed ogre
 10877 | D:8      | Mangled by a two-headed ogre

Levels and vault maps discovered:
D:1:      minmay_arrival_arboretum_small, layout_basic,
          minmay_misc_feat_hallway, palyth_stone_intersect
D:2:      layout_loops_ring, marbit_many_paths
D:3:      layout_loops_ring, first_ration, minmay_gold_behind_fungi,
          kennysheep_generic_room_13
D:4:      layout_basic, grunt_ministairs_2, serial_park_tiny_pond,
          ebering_dispersal_statue_hall, uniq_ijyb
D:5:      layout_loops_corners, minmay_temple_entry_stoned_glass,
          ebering_ghost_reflecting_pool, nicolae_ossuary_entry_false_entrances
D:6:      layout_basic, serial_shops, shop_coins
D:7:      minmay_slanted_spiral_squares, layout_loops_ring, uniq_duvessa,
          uniq_pikel
D:8:      layout_gridville
Temple:   regret_index_temple_sigil_plot

Skill      XL: |  1  2  3  4  5  6  7  8  9 10 |
---------------+-------------------------------+-----
Fighting       | 1 2 3 4 5 |  5.8
Dodging        | 3 4 5 6 7 |  7.5
Hexes          | 1 3 4 6 |  6.0
Invocations    | 2 4 6 |  6.1
Maces & Flails | 1 3 4 |  4.1
Spellcasting   | 4 |  4.5
Shields        | 3 4 |  4.1
Stealth        | |  2.6
Transmutations | |  1.0
Earth Magic    | |  3.0

Action                   |  1- 3 |  4- 6 |  7- 9 | 10-12 || total
-------------------------+-------+-------+-------+-------++-------
Melee: Unarmed           |    22 |     8 |       |       ||    30
       Constrict         |    12 |    35 |    54 |     9 ||   110
       Tentacles         |     3 |    35 |    49 |     5 ||    92
       Dagger            |    35 |   156 |     4 |       ||   195
       Mace              |       |       |   228 |    49 ||   277
Throw: Stone             |       |     1 |       |       ||     1
 Cast: Sandblast         |    12 |    14 |       |       ||    26
       Corona            |       |     2 |       |     1 ||     3
       Confuse           |       |     4 |     3 |     3 ||    10
 Abil: Draw Destruction  |       |       |       |     2 ||     2
       Draw Escape       |       |       |       |     1 ||     1
Evoke: Wand              |       |     6 |     6 |     3 ||    15
  Use: Potion            |       |     1 |     1 |       ||     2
       Scroll            |       |       |    14 |     1 ||    15
 Stab: Sleeping          |     6 |     7 |    10 |       ||    23
       Confused          |       |     1 |       |       ||     1
  Eat: Chunk             |     4 |     8 |    10 |     3 ||    25
       Ration            |       |       |     2 |       ||     2
Armor: Skin              |       |     9 |     7 |     1 ||    17
Dodge: Dodged            |    24 |    96 |   149 |    52 ||   321
Block: Buckler           |       |       |    28 |    31 ||    59
       Reflection        |       |       |     2 |     9 ||    11

Table legend:
 A = Non-vault XP
 B = Vault XP
 C = Vault XP percentage of total XP
 D = Non-vault monster count
 E = Vault monster count
 F = Vault count percentage of total count
                 A         B        C        D         E       F
            +---------+---------+-------+---------+---------+-------
      Total |    3486 |    2786 |  44.4 |     143 |      49 |  25.5
            +---------+---------+-------+---------+---------+-------
        D:1 |      32 |       0 |   0.0 |      10 |       0 |   0.0
        D:2 |      67 |       2 |   2.9 |      20 |       1 |   4.8
        D:3 |     114 |       0 |   0.0 |      23 |       0 |   0.0
        D:4 |     392 |      68 |  14.8 |      17 |       3 |  15.0
        D:5 |     240 |       0 |   0.0 |       8 |       0 |   0.0
        D:6 |    1110 |       0 |   0.0 |      34 |       0 |   0.0
        D:7 |     741 |    1856 |  71.5 |      12 |      17 |  58.6
        D:8 |     790 |       0 |   0.0 |      19 |       0 |   0.0
    Ossuary |       0 |     860 | 100.0 |       0 |      28 | 100.0
            +---------+---------+-------+---------+---------+-------
